TOP OF THE 1ST |
Evanston Elitists batting - Pitching for Grim Reapers : RHP Jeremiah Moran
|
Pitching: RHP Jeremiah Moran
|
|
Batting: RHB Alberto Soto
|
0-0: Called Strike 0-1: Ground out 6-3 (Groundball, 6)
|
Batting: SHB Jacob Wilcox
|
0-0: Called Strike 0-1: Ball 1-1: Foul Ball, location: 2F 1-2: Foul Ball, location: 2F 1-2: Ball 2-2: Strikes out looking
|
Batting: RHB Jorge Calderón
|
0-0: Ball 1-0: Ball 2-0: Called Strike 2-1: Ball 3-1: Base on Balls
|
Batting: LHB Javier Mejía
|
0-0: Called Strike 0-1: Reached on error, E3 (Groundball, 3) Jorge Calderón to second
|
Batting: LHB Ronald Gordon
|
0-0: Foul Ball, location: 2F 0-1: Foul Ball, location: 2F 0-2: Strikes out swinging
|
Top of the 1st over - 0 run(s), 0 hit(s), 1 error(s), 2 left on base; Evanston 0 - Grim 0 |
BOTTOM OF THE 1ST |
Grim Reapers batting - Pitching for Evanston Elitists : RHP Nicholas Becker
|
Pitching: RHP Nicholas Becker
|
|
Batting: RHB Arthur Hopkins
|
0-0: Foul Ball, location: 2F 0-1: Ball 1-1: Ground out 5-3 (Groundball, 5)
|
Batting: RHB John Jones
|
0-0: Called Strike 0-1: Foul Ball, location: 2F 0-2: Ball 1-2: Fly out, F7 (Line Drive, 7D)
|
Batting: LHB Jesús Rojas
|
0-0: Ball 1-0: Called Strike 1-1: Called Strike 1-2: Ball 2-2: DOUBLE (Flyball, 89D)
|
Batting: RHB Joel Hebert
|
0-0: SINGLE (Groundball, 4MD) Jesús Rojas to third Runner from 3rd tries for Home, SAFE, no throw
|
Batting: RHB Roberto Solís
|
0-0: Ball 1-0: Called Strike 1-1: Foul Ball, location: 2F 1-2: Ball 2-2: Ball Wild Pitch! Joel Hebert to second 3-2: Strikes out swinging
|
Bottom of the 1st over - 1 run(s), 2 hit(s), 0 error(s), 1 left on base; Evanston 0 - Grim 1 |
TOP OF THE 2ND |
Evanston Elitists batting - Pitching for Grim Reapers : RHP Jeremiah Moran
|
Batting: LHB Alberto Varela
|
0-0: Called Strike 0-1: Ball 1-1: Ball 2-1: Ball 3-1: Swinging Strike 3-2: Foul Ball, location: 2F 3-2: Ground out U3 (Groundball, 34)
|
Batting: RHB Miguel Toro
|
0-0: Foul Ball, location: 2F 0-1: Ball 1-1: SINGLE (Line Drive, 6MD)
|
Batting: RHB Ron Newcombe
|
0-0: Ball 1-0: Called Strike Miguel Toro steals 2nd base 1-1: Foul Ball, location: 2F 1-2: Strikes out swinging
|
Batting: LHB Jean-Sébastien Beaudin
|
0-0: Called Strike 0-1: Ground out 3-1 (Groundball, 34S)
|
Top of the 2nd over - 0 run(s), 1 hit(s), 0 error(s), 1 left on base; Evanston 0 - Grim 1 |
BOTTOM OF THE 2ND |
Grim Reapers batting - Pitching for Evanston Elitists : RHP Nicholas Becker
|
Batting: RHB Pedro López
|
0-0: Ground out 4-3 (Groundball, 4)
|
Batting: LHB Marcos Fontanez
|
0-0: Swinging Strike 0-1: Ball 1-1: Ball 2-1: Foul Ball, location: 2F 2-2: Strikes out swinging
|
Batting: SHB Frank Grant
|
0-0: Ball 1-0: Ball 2-0: Foul Ball, location: 2F 2-1: Swinging Strike 2-2: Foul Ball, location: 2F 2-2: Strikes out swinging
|
Bottom of the 2nd over - 0 run(s), 0 hit(s), 0 error(s), 0 left on base; Evanston 0 - Grim 1 |
TOP OF THE 3RD |
Evanston Elitists batting - Pitching for Grim Reapers : RHP Jeremiah Moran
|
Batting: RHB Alberto Soto
|
0-0: SINGLE (Popup, 4M)
|
Batting: SHB Jacob Wilcox
|
0-0: Ball 1-0: Ball 2-0: Ball 3-0: Base on Balls Alberto Soto to second
|
Batting: RHB Jorge Calderón
|
0-0: Called Strike 0-1: SINGLE (Groundball, 56D) Alberto Soto to third Jacob Wilcox to second
|
Batting: LHB Javier Mejía
|
0-0: Grounds into double play, 6-4-3 (Groundball, 6) Alberto Soto scores Jacob Wilcox to third
|
Batting: LHB Ronald Gordon
|
0-0: Swinging Strike 0-1: Ball 1-1: Ball 2-1: Called Strike 2-2: Foul Ball, location: 2F 2-2: Strikes out swinging
|
Top of the 3rd over - 1 run(s), 2 hit(s), 0 error(s), 1 left on base; Evanston 1 - Grim 1 |
BOTTOM OF THE 3RD |
Grim Reapers batting - Pitching for Evanston Elitists : RHP Nicholas Becker
|
Batting: RHB Domingo Salinas
|
0-0: Called Strike 0-1: Ball 1-1: Foul Ball, location: 2F 1-2: Foul Ball, location: 2F 1-2: Ball 2-2: DOUBLE (Flyball, 78D)
|
Batting: RHB Arthur Hopkins
|
0-0: Called Strike 0-1: Ball 1-1: Swinging Strike 1-2: Strikes out swinging
|
Batting: RHB John Jones
|
0-0: Ball 1-0: Called Strike 1-1: Ball 2-1: Ball 3-1: Called Strike 3-2: Ground out 6-3 (Groundball, 6)
|
Batting: LHB Jesús Rojas
|
0-0: Fly out, F8 (Flyball, 8LD)
|
Bottom of the 3rd over - 0 run(s), 1 hit(s), 0 error(s), 1 left on base; Evanston 1 - Grim 1 |
TOP OF THE 4TH |
Evanston Elitists batting - Pitching for Grim Reapers : RHP Jeremiah Moran
|
Batting: LHB Alberto Varela
|
0-0: Swinging Strike 0-1: Foul Ball, location: 2F 0-2: Foul Ball, location: 2F 0-2: DOUBLE (Flyball, 78M)
|
Batting: RHB Miguel Toro
|
0-0: Swinging Strike 0-1: Ball 1-1: Ball 2-1: Called Strike 2-2: Strikes out looking
|
Batting: RHB Ron Newcombe
|
0-0: Ball Alberto Varela steals 3rd base 1-0: Called Strike 1-1: Ball 2-1: Foul Ball, location: 2F 2-2: Ball 3-2: Base on Balls
|
Batting: LHB Jean-Sébastien Beaudin
|
0-0: SINGLE (Groundball, 34D) Alberto Varela scores Ron Newcombe to second Runner from 2nd tries for 3rd, SAFE, throw made to third Jean-Sébastien Beaudin to second
|
Batting: RHB Alberto Soto
|
0-0: Ball 1-0: Ball 2-0: 3-RUN HOME RUN (Flyball, 89XD), Distance : 414 ft
|
Batting: SHB Jacob Wilcox
|
0-0: Called Strike 0-1: Ball 1-1: Foul Ball, location: 2F 1-2: Fly out, F8 (Line Drive, 89D)
|
Batting: RHB Jorge Calderón
|
0-0: Ball 1-0: Called Strike 1-1: Called Strike 1-2: Ball 2-2: Foul Ball, location: 2F 2-2: Fly out, F4 (Popup, 34)
|
Top of the 4th over - 4 run(s), 3 hit(s), 0 error(s), 0 left on base; Evanston 5 - Grim 1 |
BOTTOM OF THE 4TH |
Grim Reapers batting - Pitching for Evanston Elitists : RHP Nicholas Becker
|
Batting: RHB Joel Hebert
|
0-0: Called Strike 0-1: Ball 1-1: Ground out 4-3 (Groundball, 4)
|
Batting: RHB Roberto Solís
|
0-0: Called Strike 0-1: Ball 1-1: Foul Ball, location: 2F 1-2: Foul Ball, location: 2F 1-2: Ball 2-2: SINGLE (Groundball, 56D)
|
Batting: RHB Pedro López
|
0-0: Ball 1-0: Ball 2-0: Foul Ball, location: 2F 2-1: Grounds into double play, 6-4-3 (Groundball, 6)
|
Bottom of the 4th over - 0 run(s), 1 hit(s), 0 error(s), 0 left on base; Evanston 5 - Grim 1 |
TOP OF THE 5TH |
Evanston Elitists batting - Pitching for Grim Reapers : RHP Jeremiah Moran
|
Pitching: RHP Jonathan Anderson
|
|
Batting: LHB Javier Mejía
|
0-0: Foul Ball, location: 2F 0-1: Ball 1-1: Foul Ball, location: 2F 1-2: Ground out U3 (Groundball, 3)
|
Batting: LHB Ronald Gordon
|
0-0: Ball 1-0: Ball 2-0: Ball 3-0: Base on Balls
|
Batting: LHB Alberto Varela
|
0-0: Ball 1-0: Ball 2-0: Ball 3-0: Called Strike 3-1: Foul Ball, location: 2F 3-2: Foul Ball, location: 2F 3-2: Base on Balls Ronald Gordon to second
|
Batting: RHB Miguel Toro
|
0-0: Ball 1-0: Ball 2-0: Ball 3-0: Called Strike 3-1: Called Strike 3-2: Foul Ball, location: 2F 3-2: Foul Ball, location: 2F 3-2: Foul Ball, location: 2F 3-2: Base on Balls Ronald Gordon to third Alberto Varela to second
|
Batting: RHB Ron Newcombe
|
0-0: Ball 1-0: Fielders Choice at 2nd, 6-4 (Groundball, 6) Ronald Gordon scores Alberto Varela to third
|
Batting: LHB Jean-Sébastien Beaudin
|
0-0: Ball Ron Newcombe steals 2nd base 1-0: Ball 2-0: Called Strike 2-1: Ball 3-1: Called Strike 3-2: Foul Ball, location: 2F 3-2: Base on Balls
|
Batting: RHB Alberto Soto
|
0-0: Foul Ball, location: 2F 0-1: Foul Ball, location: 2F 0-2: Foul Ball, location: 2F 0-2: GRAND SLAM HOME RUN (Flyball, 89XD), Distance : 411 ft
|
Batting: SHB Jacob Wilcox
|
0-0: Foul Ball, location: 2F 0-1: Called Strike 0-2: Strikes out swinging
|
Top of the 5th over - 5 run(s), 1 hit(s), 0 error(s), 0 left on base; Evanston 10 - Grim 1 |
BOTTOM OF THE 5TH |
Grim Reapers batting - Pitching for Evanston Elitists : RHP Nicholas Becker
|
Batting: LHB Marcos Fontanez
|
0-0: Called Strike 0-1: Ball 1-1: Called Strike 1-2: Ball 2-2: Ball 3-2: Strikes out swinging
|
Batting: SHB Frank Grant
|
0-0: Ball 1-0: Ball 2-0: Foul Ball, location: 2F 2-1: Swinging Strike 2-2: Strikes out swinging
|
Batting: RHB Domingo Salinas
|
0-0: SOLO HOME RUN (Flyball, 78XD), Distance : 422 ft
|
Batting: RHB Arthur Hopkins
|
0-0: Called Strike 0-1: Ball 1-1: SINGLE (Groundball, 6MD)
|
Batting: RHB John Jones
|
0-0: Ball 1-0: Called Strike 1-1: Fly out, F3 (Line Drive, 3)
|
Bottom of the 5th over - 1 run(s), 2 hit(s), 0 error(s), 1 left on base; Evanston 10 - Grim 2 |
TOP OF THE 6TH |
Evanston Elitists batting - Pitching for Grim Reapers : RHP Jonathan Anderson
|
Pitching: RHP Miguel Delvalle
|
|
Batting: RHB Jorge Calderón
|
0-0: Called Strike 0-1: Called Strike 0-2: Strikes out swinging
|
Batting: LHB Javier Mejía
|
0-0: Ball 1-0: SINGLE (Line Drive, 4M)
|
Batting: LHB Ronald Gordon
|
0-0: Ball 1-0: Ball 2-0: Ball 3-0: Base on Balls Javier Mejía to second
|
Batting: LHB Alberto Varela
|
0-0: Ball 1-0: Foul Ball, location: 2F 1-1: Swinging Strike 1-2: Foul Ball, location: 2F 1-2: Ball 2-2: Strikes out swinging
|
Batting: RHB Miguel Toro
|
0-0: Swinging Strike 0-1: Foul Ball, location: 2F 0-2: Foul Ball, location: 2F 0-2: Strikes out looking
|
Top of the 6th over - 0 run(s), 1 hit(s), 0 error(s), 2 left on base; Evanston 10 - Grim 2 |
BOTTOM OF THE 6TH |
Grim Reapers batting - Pitching for Evanston Elitists : RHP Nicholas Becker
|
Batting: LHB Jesús Rojas
|
0-0: Called Strike 0-1: Ball 1-1: Called Strike 1-2: SINGLE (Flyball, 7S)
|
Batting: RHB Joel Hebert
|
0-0: Called Strike 0-1: Ball 1-1: Swinging Strike 1-2: Foul Ball, location: 2F 1-2: Ball 2-2: Strikes out swinging
|
Pitching: LHP Wilson Ramos
|
|
Batting: RHB Roberto Solís
|
0-0: Reached on error, E1 (Line Drive, 13S) Jesús Rojas to second
|
Batting: RHB Pedro López
|
0-0: Grounds into double play, 6-4-3 (Groundball, 6M)
|
Bottom of the 6th over - 0 run(s), 1 hit(s), 1 error(s), 1 left on base; Evanston 10 - Grim 2 |
TOP OF THE 7TH |
Evanston Elitists batting - Pitching for Grim Reapers : RHP Miguel Delvalle
|
Batting: RHB Ron Newcombe
|
0-0: Foul Ball, location: 2F 0-1: Ball 1-1: Ground out 6-3 (Groundball, 6)
|
Batting: LHB Jean-Sébastien Beaudin
|
0-0: SINGLE (Groundball, 4MD)
|
Batting: RHB Alberto Soto
|
0-0: Ball 1-0: Ball 2-0: Swinging Strike 2-1: Called Strike 2-2: Strikes out swinging
|
Batting: SHB Jacob Wilcox
|
0-0: Called Strike Jean-Sébastien Beaudin steals 2nd base 0-1: DOUBLE (Line Drive, 9LM) Jean-Sébastien Beaudin scores
|
Batting: RHB Jorge Calderón
|
0-0: Called Strike 0-1: Ball 1-1: Ball 2-1: Called Strike 2-2: Ball 3-2: Strikes out swinging
|
Top of the 7th over - 1 run(s), 2 hit(s), 0 error(s), 1 left on base; Evanston 11 - Grim 2 |
BOTTOM OF THE 7TH |
Grim Reapers batting - Pitching for Evanston Elitists : LHP Wilson Ramos
|
Batting: LHB Marcos Fontanez
|
0-0: Called Strike 0-1: Called Strike 0-2: Strikes out swinging
|
Batting: SHB Frank Grant
|
0-0: Ball 1-0: Ball 2-0: Called Strike 2-1: Reached on error, E3 (Groundball, 34)
|
Batting: RHB Domingo Salinas
|
0-0: Fly out, F9 (Flyball, 9S)
|
Batting: RHB Arthur Hopkins
|
0-0: Ball 1-0: Ball 2-0: Fly out, F8 (Flyball, 89S)
|
Bottom of the 7th over - 0 run(s), 0 hit(s), 1 error(s), 1 left on base; Evanston 11 - Grim 2 |
TOP OF THE 8TH |
Evanston Elitists batting - Pitching for Grim Reapers : RHP Miguel Delvalle
|
Batting: LHB Javier Mejía
|
0-0: Ball 1-0: Swinging Strike 1-1: Fly out, F7 (Flyball, 7LMF)
|
Batting: LHB Ronald Gordon
|
0-0: Ball 1-0: Foul Ball, location: 2F 1-1: Foul Ball, location: 2F 1-2: Fly out, F6 (Popup, 6S)
|
Pinch Hitting: RHB António Martínez
|
0-0: Ball 1-0: Called Strike 1-1: Swinging Strike 1-2: Strikes out swinging
|
Top of the 8th over - 0 run(s), 0 hit(s), 0 error(s), 0 left on base; Evanston 11 - Grim 2 |
BOTTOM OF THE 8TH |
Grim Reapers batting - Pitching for Evanston Elitists : LHP Wilson Ramos
|
Now in CF: Ángelo Lara
|
|
Batting: RHB John Jones
|
0-0: Ball 1-0: Called Strike 1-1: SINGLE (Groundball, 6MD)
|
Batting: LHB Jesús Rojas
|
0-0: Swinging Strike 0-1: SINGLE (Groundball, 34D) John Jones to second Runner from 2nd tries for 3rd, SAFE, no throw
|
Batting: RHB Joel Hebert
|
0-0: Swinging Strike 0-1: Ball 1-1: Ball 2-1: Reached on error, E5 (Groundball, 56S) John Jones scores Jesús Rojas to second
|
Batting: RHB Roberto Solís
|
0-0: Ball 1-0: Ball 2-0: Called Strike 2-1: Ball 3-1: Called Strike 3-2: Strikes out swinging
|
Batting: RHB Pedro López
|
0-0: Ball 1-0: Called Strike 1-1: Ball 2-1: Foul Ball, location: 2F 2-2: Ball 3-2: Grounds into double play, 6-4-3 (Groundball, 6)
|
Bottom of the 8th over - 1 run(s), 2 hit(s), 1 error(s), 1 left on base; Evanston 11 - Grim 3 |
TOP OF THE 9TH |
Evanston Elitists batting - Pitching for Grim Reapers : RHP Miguel Delvalle
|
Pitching: LHP Josh Hammond
|
|
Batting: RHB Miguel Toro
|
0-0: Called Strike 0-1: Called Strike 0-2: Ball 1-2: Ball 2-2: Ground out 6-3 (Groundball, 6)
|
Batting: RHB Ron Newcombe
|
0-0: Called Strike 0-1: Swinging Strike 0-2: Ball 1-2: Foul Ball, location: 2F 1-2: Ball 2-2: Strikes out swinging
|
Batting: LHB Jean-Sébastien Beaudin
|
0-0: Called Strike 0-1: Ball 1-1: Foul Ball, location: 2F 1-2: Ground out 1-3 (Groundball, P)
|
Top of the 9th over - 0 run(s), 0 hit(s), 0 error(s), 0 left on base; Evanston 11 - Grim 3 |
BOTTOM OF THE 9TH |
Grim Reapers batting - Pitching for Evanston Elitists : LHP Wilson Ramos
|
Batting: LHB Marcos Fontanez
|
0-0: Ball 1-0: Foul Ball, location: 2F 1-1: Swinging Strike 1-2: Strikes out swinging
|
Batting: SHB Frank Grant
|
0-0: Ball 1-0: Called Strike 1-1: Swinging Strike 1-2: SINGLE (Groundball, 34D)
|
Batting: RHB Domingo Salinas
|
0-0: Foul Ball, location: 2F 0-1: Called Strike 0-2: Fly out, F2 (Popup, 15S)
|
Pinch Hitting: RHB Jeremiah Ward
|
0-0: Ball 1-0: Foul Ball, location: 2F 1-1: Called Strike 1-2: Ball 2-2: Ball 3-2: Foul Ball, location: 2F 3-2: Foul Ball, location: 2F 3-2: Foul Ball, location: 2F 3-2: Fly out, F9 (Flyball, 9LM)
|
Bottom of the 9th over - 0 run(s), 1 hit(s), 0 error(s), 1 left on base; Evanston 11 - Grim 3 |
|